 Dungeon Crawl Stone Soup version 0.28.0-53-g5a82cb258f (webtiles) character file.

Game seed: 10251595865646946531

22335 Peloso the Carver (level 12, -2/110 HPs)
             Began as a Minotaur Fighter on June 29, 2022.
             Was a High Priest of Okawaru.
             Slain by Rupert
             ... wielding a +1 great mace of protection
              (25 damage)
             ... on level 3 of the Lair of Beasts.
             The game lasted 00:21:08 (16493 turns).

Peloso the Carver (Minotaur Fighter)               Turns: 16493, Time: 00:21:08

Health: -2/110     AC: 22    Str: 37    XL:     12   Next: 62%
Magic:  12/12      EV:  9    Int:  5    God:    Okawaru [*****.]
Gold:   909        SH: 18    Dex: 18    Spells: 11/11 levels left

rFire   + . .      SeeInvis .   a - +1 scimitar
rCold   + . .      Faith    .   e - +0 tower shield
rNeg    . . .      Spirit   .   J - +3 chain mail "Xablyqe" {+Inv Str+7 Stlth-}
rPois   .          Reflect  .   U - +2 hat {Stlth+}
rElec   .          Harm     .   G - scarf {rC+ rF+}
rCorr   .          Rampage  .   O - +2 pair of gloves
Will    .....                   k - +0 pair of boots
Stlth   ..........              (no amulet)
HPRegen 0.28/turn               t - +6 ring of dexterity
MPRegen 0.13/turn               P - +6 ring of strength

@: mighty
A: horns 2, retaliatory headbutt
a: Renounce Religion, Evoke Invisibility, Heroism, Finesse, Duel


You were on level 3 of the Lair of Beasts.
You worshipped Okawaru.
Okawaru was extremely pleased with you.
You visited 3 branches of the dungeon, and saw 15 of its levels.

You collected 909 gold pieces.

Inventory:

Hand Weapons
 a - a +1 scimitar (weapon)
 b - a +2 hand axe of flaming
 c - a +1 falchion
Armour
 e - a +0 tower shield (worn)
 k - a +0 pair of boots (worn)
 q - a +2 chain mail of fire resistance
 G - a scarf of resistance (worn)
 J - the +3 chain mail "Xablyqe" (worn) {+Inv Str+7 Stlth-}
   (You found it on level 11 of the Dungeon)

   Str:       It affects your strength (+7).
   +Inv:      It lets you turn invisible.
   Stlth:     It makes you less stealthy.
 O - a +2 pair of gloves (worn)
 U - a +2 hat of stealth (worn)
Jewellery
 t - a +6 ring of dexterity (left hand)
 y - a ring of flight
 I - an amulet of magic regeneration
 K - the ring of the Tortoise {AC+8}
   (You found it on level 11 of the Dungeon)

   [ring of protection]

   AC:        It affects your AC (+8).
 P - a +6 ring of strength (right hand)
 Q - a +6 ring of dexterity
 T - a ring of magical power
Wands
 n - a wand of flame (22)
 u - a wand of digging (6)
 w - a wand of iceblast (12)
 A - a wand of paralysis (4)
 S - a wand of acid (5)
Scrolls
 f - 6 scrolls of blinking
 g - 3 scrolls of acquirement
 h - 2 scrolls of immolation
 i - a scroll of holy word
 j - 2 scrolls of fear {unknown}
 l - 2 scrolls of amnesia {unknown}
 m - 4 scrolls of teleportation
 o - 2 scrolls of enchant armour {unknown}
 p - 2 scrolls of magic mapping {unknown}
 r - a scroll of summoning {unknown}
 s - 9 scrolls of identify
 x - a scroll of fog {unknown}
 M - a scroll of torment {unknown}
 N - a scroll of brand weapon {unknown}
 R - a scroll of noise {unknown}
Potions
 v - 7 potions of curing
 z - 2 potions of flight {unknown}
 B - a potion of haste {unknown}
 C - 2 potions of brilliance
 D - 2 potions of heal wounds {unknown}
 E - 2 potions of magic {unknown}
 F - a potion of cancellation {unknown}
 H - 2 potions of attraction {unknown}
 L - a potion of mutation {unknown}


   Skills:
 + Level 11.0 Fighting
 + Level 14.6 Long Blades
 + Level 1.8 Axes
 + Level 12.5 Armour
 + Level 4.3 Dodging
 + Level 2.0 Stealth
 + Level 12.7 Shields
 + Level 1.6 Invocations


You had 11 spell levels left.
You didn't know any spells.
Your spell library contained the following spells:

 Spells                   Type           Power      Damage    Failure   Level
 Foxfire                  Conj/Fire      0%         2x1d4     100%        1
 Magic Dart               Conj           0%         1d3       100%        1
 Sandblast                Erth           0%         2d4       100%        1
 Passwall                 Tmut/Erth      0%         N/A       100%        2
 Conjure Flame            Conj/Fire      0%         6-21      100%        3
 Gell's Gravitas          Tloc           0%         N/A       100%        3
 Inner Flame              Hex/Fire       0%         N/A       100%        3
 Lesser Beckoning         Tloc           0%         N/A       100%        3
 Mephitic Cloud           Conj/Pois/Air  0%         N/A       100%        3
 Stone Arrow              Conj/Erth      0%         3d7       100%        3
 Teleport Other           Tloc           0%         N/A       100%        3
 Flame Wave               Conj/Fire      0%         2d4       100%        4
 Alistair's Intoxication  Tmut/Pois      0%         N/A       100%        5
 Borgnjor's Vile Clutch   Necr/Erth      0%         N/A       100%        5
 Eringya's Noxious Bog    Tmut/Pois      0%         N/A       100%        6
 Call Imp                 Summ           Unusable   N/A       N/A         2
 Malign Gateway           Summ/Tloc      Unusable   N/A       N/A         7
 Summon Horrible Things   Summ           Unusable   N/A       N/A         8

Dungeon Overview and Level Annotations

Branches:
Dungeon (11/15)            Temple (1/1) D:7            Lair (3/6) D:10
 Spider (0/4) Lair:3          Orc (0/2) D:11
  Swamp: Lair:2-4    Shoals: Lair:2-4

Altars:
Ashenzari
Cheibriados
Dithmenos
Elyvilon
Fedhas
Gozag
Hepliaklqana
Makhleb
Okawaru
Qazlal
Ru
Sif Muna
Trog
Vehumet
Wu Jian
Xom
Yredelemnul
Zin
The Shining One

Annotations:
Lair:3 1 runed translucent door, Rupert; crompyre's ghost, journeyman TrFi


Innate Abilities, Weirdness & Mutations

You have a pair of horns on your head.
You reflexively headbutt those who attack you in melee.


Message History

Rupert hits you with a +1 great mace of protection!
Rupert yells loudly at you.
You suddenly lose the ability to move!
Rupert hits you but does no damage.
Rupert hits you with a +1 great mace of protection!
Rupert hits you with a +1 great mace of protection. x2
Rupert hits you but does no damage.
You turn to flesh and can move again.
You slice Rupert!!
Rupert is moderately wounded.
Rupert roars wildly at you.
You struggle to resist.
Unknown command.
You hit Rupert but do no damage. You headbutt Rupert.
Rupert is moderately wounded.
You feel very mighty all of a sudden.
You feel like a meek peon again.
Rupert roars madly and goes into a rage!
Rupert goes berserk!
You hit Rupert but do no damage.
Rupert is moderately wounded.
Rupert hits you with a +1 great mace of protection!! x2
You barely miss Rupert. You headbutt Rupert.
Rupert is moderately wounded.
You block Rupert's attack.
You slice Rupert!!
Rupert is moderately wounded.
Rupert hits you with a +1 great mace of protection!
* * * LOW HITPOINT WARNING * * *
Rupert hits you but does no damage.
You hit Rupert but do no damage.
Rupert is moderately wounded.
You block Rupert's attack.
You closely miss Rupert.
Rupert is moderately wounded.
You block Rupert's attack.
Unknown command.
You hit Rupert but do no damage.
Rupert is moderately wounded.
Rupert hits you with a +1 great mace of protection!!
You die...

......l #..#.## <......
##.#).# ## #...... #..P..#
..# .......####....## #..
....F..l##..#...# #..#
#...............####.#.##
#.......P#l####.....#...##
......P.##@#PW#..#P.#....#
#......###@#8}+.......<...
###...###..#P?#...........
#........####...........
#....##.#.....#........##
##PP# ##....#..##..#P..#
#..?...........##
##...........#.#
#P#....#.###..# ###...####
#.#


You could see Rupert (berserk) and a basilisk.

Vanquished Creatures
  Gastronok (Lair:3)
  3 hydras
  A centaur warrior (D:10)
  3 death yaks
  A two-headed ogre (D:11)
  A wolf spider (Lair:3)
  2 manticores (D:11)
  A cyclops (D:11)
  A gargoyle (D:11)
  A black mamba (Lair:1)
  5 cane toads
  4 komodo dragons
  A troll (D:9)
  A hornet (D:10)
  4 blink frogs (Lair:2)
  Sigmund (D:6)
  A centaur simulacrum (D:10)
  A shadow (D:7)
  25 yaks
  3 wyverns (D:9)
  A wraith (D:10)
  3 basilisks
  A steam dragon (D:6)
  3 vampire mosquitoes (D:10)
  A two-headed ogre zombie (D:11)
  5 water moccasins
  An orc warrior (D:8)
  3 ice beasts
  2 black bears (D:5)
  A sky beast (D:5)
  2 necrophages
  An ogre (D:6)
  4 wolves (Lair:3)
  2 centaurs
  4 phantoms
  3 scorpions
  10 bullfrogs
  2 troll zombies (D:11)
  13 wights
  6 howler monkeys
  A bullfrog zombie (D:5)
  3 centaur zombies
  3 jellies
  6 hounds
  Crazy Yiuf (D:7)
  6 orc priests
  3 iguanas
  8 orc wizards
  2 killer bee zombies
  5 ogre zombies (D:11)
  A hound skeleton (D:5)
  3 gnolls
  2 howler monkey skeletons
  7 adders
  2 shadow imps
  2 adder skeletons (D:4)
  A worm (D:5)
  A dart slug (D:1)
  21 orcs
  4 ball pythons
  8 endoplasms
  3 giant cockroaches
  4 hobgoblins
  4 jackals (D:1)
  A quokka (D:2)
  9 bats
  2 frilled lizards
  8 goblins
  2 hobgoblin skeletons (D:11)
  A hobgoblin zombie (D:11)
  5 kobolds
  5 orc skeletons (D:11)
  17 orc zombies (D:11)
  A rat (D:1)
281 creatures vanquished.

Vanquished Creatures (others)
  5 fungi
  A plant (Lair:1)
6 creatures vanquished.

Grand Total: 287 creatures vanquished

Notes
Turn   | Place    | Note
-------+----------+-------------------------------------------
     0 | D:1      | Peloso the Minotaur Fighter began the quest for the Orb.
     0 | D:1      | Reached XP level 1. HP: 19/19 MP: 0/0
   100 | D:1      | Reached XP level 2. HP: 27/27 MP: 1/1
   424 | D:1      | Reached XP level 3. HP: 33/33 MP: 2/2
   539 | D:1      | Reached skill level 3 in Long Blades
  1089 | D:2      | Reached XP level 4. HP: 40/40 MP: 3/3
  1632 | D:2      | Identified a scroll of acquirement
  2154 | D:3      | Reached skill level 4 in Long Blades
  2535 | D:4      | Reached XP level 5. HP: 47/47 MP: 4/4
  2969 | D:4      | Reached skill level 1 in Dodging
  2973 | D:4      | Reached skill level 5 in Long Blades
  2973 | D:4      | Reached skill level 5 in Armour
  2973 | D:4      | Reached XP level 6. HP: 35/53 MP: 5/5
  3414 | D:5      | Entered Level 5 of the Dungeon
  3449 | D:5      | Reached skill level 5 in Fighting
  3555 | D:5      | Noticed a sky beast
  3565 | D:5      | Killed a sky beast
  3566 | D:5      | Reached skill level 6 in Long Blades
  3566 | D:5      | Reached skill level 1 in Stealth
  3566 | D:5      | Reached XP level 7. HP: 52/61 MP: 6/6
  4085 | D:5      | Reached skill level 7 in Long Blades
  4442 | D:5      | Reached XP level 8. HP: 63/70 MP: 7/7
  5071 | D:6      | Noticed Sigmund
  5082 | D:6      | Killed Sigmund
  5083 | D:6      | Reached skill level 8 in Long Blades
  5956 | D:6      | Reached skill level 5 in Shields
  5978 | D:6      | Reached skill level 9 in Long Blades
  6159 | D:6      | Reached XP level 9. HP: 42/78 MP: 8/8
  7069 | D:7      | Found a runed translucent door.
  7070 | D:7      | Noticed Crazy Yiuf
  7265 | D:7      | Found a sacrificial altar of Ru.
  7269 | D:7      | Found a staircase to the Ecumenical Temple.
  7279 | Temple   | Entered the Ecumenical Temple
  7281 | Temple   | Reached skill level 10 in Long Blades
  7473 | Temple   | Became a worshipper of Warmaster Okawaru
  8311 | D:7      | Killed Crazy Yiuf
  8492 | D:8      | Found a blossoming altar of Fedhas.
  8510 | D:8      | Reached * piety under Okawaru
  8526 | D:8      | Reached skill level 11 in Long Blades
  8949 | D:9      | Reached XP level 10. HP: 81/88 MP: 9/9
  9146 | D:9      | Noticed a seven-headed hydra
  9159 | D:9      | Killed a one-headed hydra
  9159 | D:9      | Reached ** piety under Okawaru
  9160 | D:9      | Reached skill level 1 in Axes
  9608 | D:9      | Reached skill level 10 in Armour
  9893 | D:10     | Entered Level 10 of the Dungeon
  9904 | D:10     | Reached *** piety under Okawaru
  9931 | D:10     | Reached skill level 12 in Long Blades
 10015 | D:10     | Noticed a death yak
 10016 | D:10     | Found a staircase to the Lair.
 10019 | D:10     | Noticed a death yak
 10023 | D:10     | Killed a death yak
 10023 | D:10     | Reached **** piety under Okawaru
 10024 | D:10     | Noticed a death yak
 10084 | D:9      | Killed a death yak
 10085 | D:9      | Reached XP level 11. HP: 19/97 MP: 10/10
 10401 | D:9      | Killed a death yak
 10696 | D:10     | Noticed a centaur warrior
 10709 | D:10     | Killed a centaur warrior
 10710 | D:10     | Reached skill level 13 in Long Blades
 10736 | D:10     | Reached ***** piety under Okawaru
 10911 | D:10     | Reached skill level 10 in Shields
 11406 | D:11     | Found a faded altar of an unknown god.
 11821 | D:11     | Found a staircase to the Orcish Mines.
 12002 | D:11     | Identified the +3 chain mail "Xablyqe" {+Inv Str+7 Stlth-}
 12160 | D:11     | Found the ring of the Tortoise {AC+8}
 12218 | D:11     | Identified the +3 morningstar of Insomnia {holy, Fly Int+3}
 12808 | D:11     | Noticed a two-headed ogre
 12813 | D:11     | Killed a two-headed ogre
 12814 | D:11     | Reached skill level 10 in Fighting
 12920 | Lair:1   | Entered Level 1 of the Lair of Beasts
 12926 | Lair:1   | Noticed a five-headed hydra
 12935 | Lair:1   | Killed a one-headed hydra
 12936 | Lair:1   | Reached skill level 14 in Long Blades
 13142 | Lair:1   | Received a gift from Okawaru
 13163 | Lair:1   | Reached XP level 12. HP: 65/107 MP: 11/11
 14597 | Lair:2   | Reached skill level 1 in Invocations
 15450 | Lair:3   | Noticed Gastronok
 15829 | Lair:3   | Killed Gastronok
 16249 | Lair:3   | Found a hole to the Spider Nest.
 16345 | Lair:3   | Noticed a seven-headed hydra
 16352 | Lair:3   | Killed a six-headed hydra
 16448 | Lair:3   | Found a runed translucent door.
 16448 | Lair:3   | Noticed crompyre's ghost (journeyman TrFi)
 16467 | Lair:3   | Noticed Rupert
 16479 | Lair:3   | Paralysed by Rupert for 5 turns
 16493 | Lair:3   | Slain by Rupert

Illustrated notes

Levels and vault maps discovered:
D:1:      wander_arrival_fairy_ring, layout_basic
D:2:      layout_basic, minmay_goblin_kobold_house
D:3:      layout_basic
D:4:      layout_basic
D:5:      layout_basic
D:6:      minmay_diamond_boxcup, layout_basic, amethyst_killhole, uniq_sigmund
D:7:      layout_basic, temple_fountains, minmay_ruined_shrine,
          uniq_crazy_yiuf_cottage
D:8:      layout_cave_pods, fedhas_altar_2, minmay_parallelograms,
          minmay_joined_circles
D:9:      layout_basic
D:10:     layout_loops_cross, dpeg_lair_monsters, kennysheep_generic_room_5
D:11:     layout_irregular_city, zombieorc2_lemuel, serial_column_ruins,
          column_ruins_hut_ruined, column_ruins_temple_hut,
          column_ruins_columns_straight, column_ruins_grid_1,
          column_ruins_columns_straight, column_ruins_grid_3, corner_web_ring
Temple:   mainiacjoe_temple_archimedes_tessellation
Lair:1:   hellmonk_warped_wall, layout_concentric_octagons
Lair:2:   layout_cave_pods, minmay_stone_trees_medium,
          infiniplex_staircase_pool_2
Lair:3:   layout_loops_ring, spider_nest_entry_rubble, gammafunk_ghost_grave,
          serial_bayou_shore_b, uniq_gastronok, uniq_rupert

Skill      XL: |  1  2  3  4  5  6  7  8  9 10 11 12 |
---------------+-------------------------------------+-----
Fighting       | 4 5 6 7 9 10 11 | 11.0
Armour         | 4 5 6 7 9 10 11 12 | 12.5
Shields        | 4 5 6 8 11 12 | 12.7
Long Blades    | 3 4 5 6 7 9 11 12 14 | 14.6
Dodging        | 1 2 3 4 |  4.3
Stealth        | 1 2 |  2.0
Axes           | 1 |  1.8
Invocations    | 1 |  1.6

Action                   |  1- 3 |  4- 6 |  7- 9 | 10-12 || total
-------------------------+-------+-------+-------+-------++-------
Melee: Long sword        |    58 |   122 |   279 |       ||   459
       Headbutt          |     7 |    15 |    67 |   156 ||   245
       Scimitar          |       |       |    26 |   510 ||   536
       Hand axe          |       |       |       |    18 ||    18
Invok: Heroism           |       |       |       |    16 ||    16
  Use: Scroll            |       |     6 |     4 |       ||    10
       Potion            |       |       |       |     1 ||     1
Armor: Scale mail        |    43 |    77 |    39 |       ||   159
       Chain mail        |       |       |    90 |   187 ||   277
Dodge: Dodged            |    43 |    52 |   127 |   113 ||   335
Block: Buckler           |    32 |    26 |    65 |       ||   123
       Tower shield      |       |       |     7 |   474 ||   481
